 Dungeon Crawl Stone Soup version 0.29.0-4-gdea44cf6ec (webtiles) character file.

Game seed: 15047414611223289001

823 qw the Chopper (level 7, 0/44 HPs)
             Began as a Gargoyle Fighter on Sept 10, 2022.
             Slain by a killer bee (2 damage)
             ... on level 5 of the Dungeon.
             The game lasted 00:01:41 (4680 turns).

qw the Chopper (Gargoyle Fighter)                   Turns: 4680, Time: 00:01:42

Health: 0/44       AC: 19    Str: 27      XL:     7   Next: 96%
Magic:  7/7        EV:  8    Int:  8 (9)  God:
Gold:   326        SH:  4    Dex:  9      Spells: 6/6 levels left

rFire   . . .      SeeInvis +   Y - +1 war axe
rCold   . . .      Faith    .   c - +0 buckler
rNeg    + . .      Spirit   .   j - +0 chain mail
rPois   inf        Reflect  .   (no helmet)
rElec   +          Harm     .   u - +0 cloak of the Pink Corner {SInv}
rCorr   .          Rampage  .   f - +0 pair of gloves
Will    .....                   r - +2 pair of boots
Stlth   ..........              (no amulet)
HPRegen 0.14/turn               h - +6 ring of strength
MPRegen 0.10/turn               (no ring)

@: about to teleport
A: sickness immunity, AC +4, negative energy resistance 1, electricity
resistance, torment resistance 1, petrification resistance
a: no special abilities


You were on level 5 of the Dungeon.
You visited 1 branch of the dungeon, and saw 5 of its levels.

You collected 326 gold pieces.


Innate Abilities, Weirdness & Mutations

You are immune to sickness and miasma.
Your stone body is resilient. (AC +4)
You are immune to poison.
You resist negative energy. (rN+)
You are resistant to electric shocks. (rElec)
You are resistant to unholy torment.
You are immune to petrification.


   Skills:
 - Level 5.3 Fighting
 - Level 7.0 Axes
 + Level 3.2 Armour
 - Level 1.2 Dodging
 - Level 3.2 Shields


You had 6 spell levels left.
You didn't know any spells.
Your spell library was empty.

Inventory:

Hand Weapons
 e - a +0 flail
 Y - a +1 war axe (weapon)
Armour
 c - a +0 buckler (worn)
 f - a +0 pair of gloves (worn)
 j - a +0 chain mail (worn)
 r - a +2 pair of boots (worn)
 u - the +0 cloak of the Pink Corner (worn) {SInv}
   (You found it on level 4 of the Dungeon)

   SInv:      It lets you see invisible.
Jewellery
 h - a +6 ring of strength (left hand)
Scrolls
 a - a scroll of identify
 i - a scroll of fog
 o - 6 scrolls of teleportation
Potions
 b - a potion of berserk rage {unknown}
 d - 2 potions of might
 g - a potion of mutation {unknown}
 k - a potion of ambrosia {unknown}
 l - a potion of curing
 m - a potion of heal wounds
 n - a potion of attraction {unknown}
 q - a potion of invisibility {unknown}
 s - a potion of cancellation {unknown}

Dungeon Overview and Level Annotations

Branches:
Dungeon (5/15)
 Temple: D:4-7

Altars:
Qazlal
Xom

Annotations:
D:4 2 runed translucent doors


Message History

The killer bee barely misses you.
The killer bee stings you but does no damage.
You barely miss the killer bee.
The killer bee is almost dead.
You slash the killer bee! The killer bee stings you!
The killer bee stings you but does no damage. x2
The killer bee barely misses you.
The killer bee stings you but does no damage.
You block the killer bee's attack.
You barely miss the killer bee.
The killer bee is almost dead.
You closely miss the killer bee. You block the killer bee's attack.
The killer bee stings you.
The killer bee stings you but does no damage.
The killer bee closely misses you.
You closely miss the killer bee.
The killer bee is almost dead.
You closely miss the killer bee.
The killer bee stings you but does no damage. x2
You block the killer bee's attack.
The killer bee stings you but does no damage.
You miss the killer bee.
The killer bee is almost dead.
You miss the killer bee.
The killer bee stings you but does no damage.
The killer bee closely misses you. You block the killer bee's attack.
The killer bee barely misses you. The killer bee stings you.
The killer bee stings you but does no damage.
You closely miss the killer bee.
The killer bee is almost dead.
You barely miss the killer bee.
The killer bee stings you but does no damage.
The killer bee stings you.
The killer bee stings you but does no damage. x2
4680 ||| READING 7 scrolls of teleportation.
As you read the scroll of teleportation, it crumbles to dust.
You feel strangely unstable. The killer bee stings you!
The killer bee stings you.
You die...

#..... ..... ....
... .y #y
###y#######
#..y@.....#
#.........#
#.>.......#
#...<.....#
#.........##
#..........# #
##..........# .#
#.....#####.###.#
###.#...###.#...


You could see 4 killer bees.

Vanquished Creatures
  An ice beast (D:5)
  A black bear (D:5)
  A centaur (D:5)
  A phantom (D:5)
  A scorpion (D:5)
  A howler monkey (D:5)
  3 hounds (D:5)
  An orc priest (D:4)
  Terence (D:2)
  An iguana (D:4)
  An orc wizard (D:3)
  4 gnolls (D:4)
  7 adders
  3 worms
  A dart slug (D:4)
  10 orcs
  6 endoplasms
  7 giant cockroaches
  5 goblins
  4 hobgoblins
  3 quokkas
  10 ball pythons
  5 bats
  4 frilled lizards
  3 kobolds
  14 rats
99 creatures vanquished.

Notes
Turn   | Place    | Note
-------+----------+-------------------------------------------
     0 | D:1      | qw the Gargoyle Fighter began the quest for the Orb.
     0 | D:1      | Reached XP level 1. HP: 14/14 MP: 1/1
     0 | D:1      | 0 ||| qw: Version: 0.1-a-116-g5d60599
     0 | D:1      | 0 ||| qw: Game counter: 7624
     0 | D:1      | 0 ||| qw: Always use a shield: true
     0 | D:1      | 0 ||| qw: God list: Okawaru
     0 | D:1      | 0 ||| qw: Allow faded altars: false
     0 | D:1      | 0 ||| qw: Do Orc after D:15 true
     0 | D:1      | 0 ||| qw: Do second Lair branch before Depths: true
     0 | D:1      | 0 ||| qw: Lair rune preference: random
     0 | D:1      | 0 ||| qw: Plans: Normal, Zot, God:TSO, Crypt, Tomb, Zig,
                  | Orb
     0 | D:1      | 0 ||| PLANNING D:1-11
   203 | D:1      | Reached skill level 2 in Axes
   503 | D:1      | Reached XP level 2. HP: 16/19 MP: 2/2
  1125 | D:1      | 1125 ||| UPGRADING to +0 pair of gloves.
  1130 | D:1      | 1130 ||| UPGRADING to +6 ring of strength.
  1131 | D:1      | 1131 ||| READING scroll labelled REWNUA QIOTEIPI.
  1135 | D:1      | 1135 ||| READING 2 scrolls labelled FIENAS LINA.
  1147 | D:2      | 1147 ||| STAIRDANCE
  1156 | D:2      | Reached skill level 3 in Axes
  1159 | D:2      | Reached XP level 3. HP: 7/23 MP: 3/3
  1159 | D:2      | 1159 ||| STAIRDANCE
  1659 | D:2      | Noticed Terence
  1660 | D:2      | 1660 ||| Stepping ~*~*~tactically~*~*~ (stealth).
  1673 | D:2      | Reached XP level 4. HP: 26/28 MP: 4/4
  1771 | D:2      | Reached skill level 4 in Axes
  1854 | D:2      | Identified the +1 ring mail of a Thousand Friends {rPois
                  | Dex+3}
  1932 | D:2      | Killed Terence
  2006 | D:2      | 2006 ||| UPGRADING to +0 chain mail.
  2016 | D:2      | 2016 ||| DROPPING +0 scale mail.
  2017 | D:2      | 2017 ||| DROPPING +1 ring mail of a Thousand Friends {rPois
                  | Dex+3}.
  2018 | D:2      | 2018 ||| READING scroll labelled VUVA JETRAN.
  2019 | D:2      | 2019 ||| READING scroll labelled AFFUM OTIU.
  2020 | D:2      | 2020 ||| READING scroll labelled ZIONEDA KETWUK.
  2021 | D:2      | 2021 ||| DRINKING 2 ruby potions.
  2043 | D:3      | 2043 ||| STAIRDANCE
  2052 | D:2      | Reached XP level 5. HP: 27/32 MP: 5/5
  2232 | D:3      | Reached skill level 5 in Axes
  2366 | D:3      | 2366 ||| DROPPING +0 mace.
  2445 | D:3      | 2445 ||| Stepping ~*~*~tactically~*~*~ (stealth).
  2523 | D:3      | 2523 ||| DROPPING +2 whip of flaming.
  3030 | D:4      | 3030 ||| Stepping ~*~*~tactically~*~*~ (hiding).
  3031 | D:4      | 3031 ||| Stepping ~*~*~tactically~*~*~ (hiding).
  3243 | D:4      | Found a stormy altar of Qazlal.
  3247 | D:4      | Reached XP level 6. HP: 37/38 MP: 6/6
  3247 | D:4      | 3247 ||| Stepping ~*~*~tactically~*~*~ (stealth).
  3578 | D:4      | 3578 ||| Stepping ~*~*~tactically~*~*~ (stealth).
  3579 | D:4      | 3579 ||| Stepping ~*~*~tactically~*~*~ (stealth).
  3582 | D:4      | 3582 ||| Stepping ~*~*~tactically~*~*~ (hiding).
  3589 | D:4      | Found a large runed translucent door.
  3607 | D:4      | Found a large runed translucent door.
  3708 | D:4      | 3708 ||| Stepping ~*~*~tactically~*~*~ (hiding).
  3818 | D:4      | Identified the +0 cloak of the Pink Corner {SInv}
  3835 | D:4      | 3835 ||| Stepping ~*~*~tactically~*~*~ (stealth).
  4386 | D:4      | 4386 ||| UPGRADING to +2 pair of boots.
  4391 | D:4      | 4391 ||| UPGRADING to +0 cloak of the Pink Corner {SInv}.
  4396 | D:4      | 4396 ||| DROPPING ring of flight.
  4397 | D:4      | 4397 ||| DROPPING +6 ring of intelligence.
  4398 | D:4      | 4398 ||| READING scroll labelled DACZUI URHEDIL.
  4399 | D:4      | 4399 ||| READING scroll labelled IPPAATSOLIMN.
  4400 | D:4      | 4400 ||| DRINKING 2 fuming blue potions.
  4401 | D:4      | 4401 ||| DRINKING 3 fizzy golden potions.
  4402 | D:4      | 4402 ||| DROPPING 2 potions of degeneration.
  4418 | D:5      | Entered Level 5 of the Dungeon
  4418 | D:5      | Found a shimmering altar of Xom.
  4427 | D:5      | Reached skill level 6 in Axes
  4496 | D:5      | Reached XP level 7. HP: 41/43 MP: 7/7
  4518 | D:5      | Reached skill level 7 in Axes
  4573 | D:5      | Reached skill level 1 in Dodging
  4614 | D:5      | 4614 ||| Stepping ~*~*~tactically~*~*~ (stealth).
  4616 | D:5      | 4616 ||| Stepping ~*~*~tactically~*~*~ (hiding).
  4663 | D:5      | 4663 ||| Stepping ~*~*~tactically~*~*~ (stealth).
  4679 | D:5      | HP: 8/44 [killer bee (6)]
  4680 | D:5      | 4680 ||| READING 7 scrolls of teleportation.
  4680 | D:5      | HP: 2/44 [killer bee (7)]
  4680 | D:5      | Slain by a killer bee

Levels and vault maps discovered:
D:1:      tarquinn_simple_flora_water_e, layout_basic, minivault_27,
          minmay_misc_feat_x
D:2:      layout_rooms, nicolae_figureground_sparkle, uniq_terence
D:3:      layout_basic, minivault_4, feat_on_display
D:4:      layout_loops_corners, nicolae_overflow_crystal_walls,
          jmf_multi_god_temple2
D:5:      layout_rooms, xom_teletrap_fun

Skill      XL: |  1  2  3  4  5  6  7 |
---------------+----------------------+-----
Axes           | 2 3 4 5 6 7 |  7.0
Fighting       | 4 5 |  5.3
Dodging        | 1 |  1.2
Armour         | |  3.2
Shields        | |  3.2

Action                   |  1- 3 |  4- 6 |  7- 9 || total
-------------------------+-------+-------+-------++-------
Melee: War axe           |   114 |   190 |    36 ||   340
  Use: Scroll            |     2 |     5 |     1 ||     8
       Potion            |       |     3 |       ||     3
Armor: Scale mail        |    58 |     6 |       ||    64
       Chain mail        |       |   108 |    63 ||   171
Dodge: Dodged            |    51 |    73 |    27 ||   151
Block: Buckler           |    21 |    31 |    16 ||    68

Table legend:
 A = Non-vault XP
 B = Vault XP
 C = Vault XP percentage of total XP
 D = Non-vault monster count
 E = Vault monster count
 F = Vault count percentage of total count
                 A         B        C        D         E       F
            +---------+---------+-------+---------+---------+-------
      Total |    1140 |      36 |   3.1 |      98 |       1 |   1.0
            +---------+---------+-------+---------+---------+-------
        D:1 |      28 |       0 |   0.0 |      21 |       0 |   0.0
        D:2 |     100 |      36 |  26.5 |      22 |       1 |   4.3
        D:3 |      91 |       0 |   0.0 |      20 |       0 |   0.0
        D:4 |     179 |       0 |   0.0 |      25 |       0 |   0.0
        D:5 |     742 |       0 |   0.0 |      10 |       0 |   0.0
            +---------+---------+-------+---------+---------+-------
